Unix NetHack Version 3.7.0-65 Work-in-progress - last build Oct 10 2022 05:34:18 (2afc5cfc90f7ecdc2856d9919a2295b875398e55,branch:master). Game began 2022-10-15 12:57:14, ended 2022-10-15 19:09:40. aerth, neutral female human Monk ------- ------- |>.|..| --|1w~~~| |.....| |.+fsY~2| ---.--.| |-|.p:.@|-- ----....|.-- |.-..eW..@| |.......|..-- |-|...fe|.| |....---|...| |.-.oe.a|M| |....|0.|...| --|p..h.|.| |.......|...| ------|.| --....|.....0-- |.| |...%.|..|....| |.| |....(|--|....| |d| |..|.-- --...| |.| ----.| ----- |.| |..-------------------%| |..[.%.................| ------------------------ Aerth the Initiate St:16 Dx:13 Co:15 In:9 Wi:11 Ch:13 Neutral Dlvl:4 $:0 HP:0(72) Pw:46(50) AC:1 Xp:9/2905 T:5722 Latest messages: Your hands no longer glow so brightly red. The warg bites! What do you want to wield? [- h or ?*] K - a cockatrice corpse (wielded). The warg bites! You begin bashing monsters with your cockatrice corpse. You hit the warg with the cockatrice corpse. The warg is slowing down. The warg turns to stone. There is nothing here to pick up. There is nothing here to pick up. The large dog picks up a giant beetle corpse. The large dog drops a giant beetle corpse. You hit the ettin mummy with the cockatrice corpse. The ettin mummy is slowing down. The ettin mummy turns to stone. The large dog picks up a giant beetle corpse. You miss the kobold mummy. You hit the kobold mummy with the cockatrice corpse. The kobold mummy is slowing down. The kobold mummy turns to stone. Welcome to experience level 9. You feel perceptive! The large dog drops a giant beetle corpse. You hit the long worm with the cockatrice corpse. The long worm is slowing down. The long worm turns to stone. You see here a statue of a long worm. The soldier zaps a wand called striking! The wand misses you. The statue shatters. Pick an object. Pick an object. Welcome to David's treasure zoo! The soldier wields a dagger! You miss the soldier. The troll zaps a wand of striking! The wand hits you! The soldier zaps a wand of striking! The wand hits you! You hit the troll with the cockatrice corpse. The troll is slowing down. The troll turns to stone. The soldier zaps a wand of striking! The wand hits you! You see here 23 rocks. The wraith zaps a hexagonal wand! The homunculus is killed by the bolt of cold! The bolt of cold hits you! You die... Inventory: Amulets ('"') Y - an uncursed amulet of magical breathing (being worn) Armor ('[') A - an uncursed +0 helm of telepathy (being worn) a - an uncursed +2 pair of leather gloves (being worn) w - an uncursed +1 pair of iron shoes (being worn) O - an uncursed +0 cloak of protection J - a blessed rotted +1 robe (being worn) Comestibles ('%') K - an uncursed cockatrice corpse (wielded) d - an uncursed lizard corpse Tools ('(') b - an uncursed sack containing 37 items t - an uncursed towel h - an uncursed +0 unicorn horn Contents of the sack: 515 gold pieces a cursed -2 pair of gauntlets of fumbling 6 uncursed apples an uncursed candy bar labeled "Apollo" 5 uncursed food rations 2 uncursed food rations 6 uncursed fortune cookies 5 uncursed oranges an uncursed tin of spinach an uncursed egg an uncursed lichen corpse an uncursed lichen corpse a blessed scroll of earth an uncursed scroll of earth a blessed potion of extra healing 3 uncursed potions of healing a blessed potion of paralysis an uncursed potion of paralysis a blessed +1 ring of increase damage a cursed ring of teleport control an uncursed wand of create monster (0:11) an uncursed wand of digging (0:8) an uncursed wand of striking (0:7) an uncursed wand of striking (0:5) an uncursed lock pick an uncursed tinning kit (0:31) an uncursed emerald an uncursed worthless piece of black glass 4 uncursed worthless pieces of black glass a cursed worthless piece of black glass 3 uncursed worthless pieces of blue glass 6 uncursed worthless pieces of green glass an uncursed worthless piece of orange glass an uncursed worthless piece of red glass an uncursed worthless piece of white glass an uncursed worthless piece of yellow glass 2 uncursed worthless pieces of yellowish brown glass Aerth the Monk's attributes: Background: You were an Initiate, a level 9 female human Monk. You were neutral, on a mission for Chih Sung-tzu who was opposed by Shan Lai Ching (lawful) and Huan Ti (chaotic). You were in Sokoban, on level 4. You entered the dungeon 5722 turns ago. You had 2905 experience points, 2215 more were needed to attain level 10. Basics: You had 0 out of 72 hit points. You had 46 out of 50 energy points (spell power). Your armor class was 1. Your wallet was empty. Autopickup was on for '$?!"=/*', with exceptions. Final Characteristics: Your strength was 16 (limit:18/100). Your dexterity was 13 (limit:18). Your constitution was 15 (limit:18). Your intelligence was 9 (limit:18). Your wisdom was 11 (limit:18). Your charisma was 13 (limit:18). Final Status: You were not hungry. You were unencumbered. You were wielding a corpse. Final Attributes: You were piously aligned. You were sleep resistant. You were poison resistant. You saw invisible. You were telepathic. You were warned. You had automatic searching. You would have confused monsters when hitting them. You were stealthy. You could survive without air. You were guarded. You were fast. You were unlucky. You are dead. Miscellaneous: You disabled loading of bones levels. Total elapsed playing time was 59 minutes and 54 seconds. Major events: Turn 1: aerth the neutral female human Monk entered the dungeon 403: entered the Gnomish Mines 531: attained the rank of Novice (level 3) 833: reached Mine Town 1146: attained the rank of Initiate (level 6) 3782: entered Sokoban 4472: completed 2nd Sokoban level 4883: completed 3rd Sokoban level 5684: completed 4th Sokoban level 5722: killed by a bolt of cold Vanquished creatures: 2 giant mimics a long worm a wumpus a warg an ettin mummy a troll a tengu a crocodile a giant beetle a quivering blob a cockatrice a lynx a leprechaun an iron piercer a forest centaur a brown pudding a rust monster a werewolf 2 lizards a chickatrice a housecat a dwarf leader a white unicorn a gnome mummy 4 human zombies a soldier ant 2 bugbears a wood nymph 2 water nymphs 3 Mordor orcs an orc shaman 2 rock piercers a rock mole a yellow light a shrieker 7 gnome leaders 3 gnomish wizards a kobold mummy 2 elf zombies 2 straw golems a paper golem a giant ant a little dog a floating eye 9 dwarves a homunculus 2 hill orcs a rothe a rabid rat 4 monkeys a wererat a werejackal an iguana 4 hobbits 2 large kobolds 2 hobgoblins a yellow mold 34 gnomes 4 garter snakes a gnome zombie 3 geckos 6 jackals 3 kobolds 2 sewer rats 4 grid bugs a bat 4 lichens a kobold zombie 2 newts 159 creatures vanquished. No species were genocided or became extinct. Voluntary challenges: You were vegetarian. You never hit with a wielded weapon. You read items or engraved 4 times. You engraved Elbereth 1 time. You never genocided any monsters. You never polymorphed an object. You never changed form. You used no wishes. You violated the special Sokoban rules twice. Achievements: You entered the Gnomish Mines. You attained the rank of Novice. You entered Minetown. You entered a temple. You entered a shop. You attained the rank of Initiate. You entered Sokoban. The Dungeons of Doom: levels 1 to 8 Level 1: A fountain. Level 2: Stairs down to The Gnomish Mines. Level 3: A sink. Level 4: A fountain, a sink. Level 5: Level 6: A fountain. Level 7: Level 8: Stairs up to Sokoban, level 7. The Gnomish Mines: levels 3 to 7 Level 3: Level 4: Level 5: Many shops, a temple, some fountains, a sink. Level 6: Level 7: Sokoban: levels 7 up to 4 Level 4: <- You were here. Solved. Final resting place for you, killed by a bolt of cold. Level 5: Solved. Level 6: Solved. Level 7: Unsolved. Game over: ---------- / \ / REST \ / IN \ / PEACE \ / \ | aerth | | 515 Au | | killed by a bolt | | of cold | | | | | | 2022 | *| * * * | * _________)/\\_//(\/(/\)/\//\/|_)_______ Goodbye aerth the Monk... You died in Sokoban on dungeon level 4 with 12444 points, and 515 pieces of gold, after 5722 moves. You were level 9 with a maximum of 72 hit points when you died.